 Dungeon Crawl Stone Soup version 0.28.0-45-g0d030f2227 (webtiles) character file.

Game seed: 6544506035372197853

198 Peloso the Covered (level 5, -3/47 HPs)
             Began as a Minotaur Fighter on Apr 10, 2022.
             Slain by an ogre
             ... wielding a +0 giant club
              (28 damage)
             ... on level 4 of the Dungeon.
             The game lasted 00:04:10 (3130 turns).

Peloso the Covered (Minotaur Fighter)               Turns: 3130, Time: 00:04:11

Health: -3/47      AC:  8    Str: 23    XL:     5   Next: 47%
Magic:  4/4        EV:  9    Int:  5    God:
Gold:   108        SH:  4    Dex: 11    Spells: 4/4 levels left

rFire   . . .      SeeInvis .   a - +0 long sword
rCold   . . .      Faith    .   c - +0 buckler
rNeg    . . .      Spirit   .   b - +0 scale mail
rPois   .          Reflect  .   (helmet restricted)
rElec   .          Harm     .   (no cloak)
rCorr   .          Rampage  .   (no gloves)
Will    .....                   r - +0 pair of boots
Stlth   ..........              (no amulet)
HPRegen 0.15/turn               (no ring)
MPRegen 0.09/turn               (no ring)

@: no status effects
A: horns 2, retaliatory headbutt, strong 1
a: no special abilities


You were on level 4 of the Dungeon.
You visited 1 branch of the dungeon, and saw 4 of its levels.

You collected 108 gold pieces.

Inventory:

Hand Weapons
 a - a +0 long sword (weapon)
Armour
 b - a +0 scale mail (worn)
 c - a +0 buckler (worn)
 r - a +0 pair of boots (worn)
Scrolls
 e - a scroll of immolation {unknown}
 f - a scroll of teleportation {unknown}
 g - a scroll of brand weapon {unknown}
 i - a scroll of noise {unknown}
 k - a scroll of amnesia {unknown}
 m - a scroll of identify {unknown}
 n - a scroll of enchant weapon {unknown}
 o - a scroll of vulnerability {unknown}
 p - a scroll of fear
Potions
 d - a potion of might
 h - 3 potions of curing {unknown}
 j - a potion of resistance {unknown}
 q - a potion of invisibility {unknown}


   Skills:
 + Level 4.4 Fighting
 + Level 4.9 Long Blades
 + Level 4.9 Armour
 + Level 0.8 Dodging
 + Level 4.2 Shields


You had 4 spell levels left.
You didn't know any spells.
Your spell library contained the following spells:

 Spells                   Type           Power      Damage    Failure   Level
 Beastly Appendage        Tmut           0%         N/A       86%         1
 Wereblood                Tmut           0%         N/A       95%         2
 Spider Form              Tmut/Pois      0%         N/A       99%         3
 Tukima's Dance           Hex            0%         N/A       99%         3
 Olgreb's Toxic Radiance  Pois           0%         N/A       100%        4
 Silence                  Hex/Air        0%         N/A       100%        5


Dungeon Overview and Level Annotations

Branches:
Dungeon (4/15)
 Temple: D:4-7

Altars:
The Shining One


Innate Abilities, Weirdness & Mutations

You have a pair of horns on your head.
You reflexively headbutt those who attack you in melee.
Your muscles are strong. (Str +2)


Message History

The ufetubus is heavily wounded.
You block the ufetubus's attack.
The ufetubus hits you but does no damage.
You closely miss the ufetubus.
The ufetubus is heavily wounded.
The ufetubus hits you. The ufetubus completely misses you.
You block the ufetubus's attack.
The ufetubus hits you but does no damage.
You slash the ufetubus!
You kill the ufetubus!
A hound comes into view.
The hound barks!
You hear a shout!
The hound moves out of view.
An ogre comes into view. It is wielding a +0 giant club.
The ogre shouts!
There are monsters nearby!
There are monsters nearby!
The hound closely misses you.
You slash the hound! Your headbutt misses the hound.
The hound is severely wounded.
The hound barely misses you.
You hit the hound.
The hound is almost dead.
The hound bites you but does no damage. x2
You barely miss the hound.
The hound is almost dead.
The hound bites you. The hound barely misses you.
You hit the hound.
You kill the hound!
You hit the ogre.
The ogre is lightly wounded.
The ogre barely misses you.
You slash the ogre! You headbutt the ogre.
The ogre is moderately wounded.
The ogre hits you with a +0 giant club!!
You hit the ogre. You headbutt the ogre!
The ogre is severely wounded.
The ogre hits you with a +0 giant club!!
Ouch! That really hurt!
You die...

.# .... .# .O. .#
..h .# ... .# #'# .#
#######.####.#####.
..........O@.......
.........###.######
...............#
..........##.#.#
..........##.#.#
.............#.#
........<....#.#
........#..#.#.#####
...................#


You could see an ogre.

Vanquished Creatures
  A phantom (D:4)
  A hound (D:4)
  2 adders (D:3)
  An ufetubus (D:4)
  A worm (D:2)
  A dart slug (D:3)
  8 ball pythons
  8 endoplasms
  A giant cockroach (D:3)
  9 goblins
  9 hobgoblins
  6 kobolds
  2 quokkas
  2 bats
  2 frilled lizards
  5 rats
59 creatures vanquished.

Notes
Turn   | Place    | Note
-------+----------+-------------------------------------------
     0 | D:1      | Peloso the Minotaur Fighter began the quest for the Orb.
     0 | D:1      | Reached XP level 1. HP: 19/19 MP: 0/0
    56 | D:1      | Reached XP level 2. HP: 19/27 MP: 1/1
  1046 | D:2      | Found a glowing golden altar of the Shining One.
  1169 | D:2      | Reached XP level 3. HP: 32/33 MP: 2/2
  1197 | D:2      | Found a faded altar of an unknown god.
  1204 | D:2      | Got Sif Muna's Compendium of Bewitching Toxins
  2133 | D:3      | Reached XP level 4. HP: 39/40 MP: 3/3
  2538 | D:3      | Gained mutation: Your muscles are strong. (Str +2) [potion
                  | of mutation]
  2894 | D:4      | Noticed a phantom
  2909 | D:4      | Killed a phantom
  2910 | D:4      | Reached XP level 5. HP: 32/47 MP: 4/4
  3119 | D:4      | Noticed an ogre
  3130 | D:4      | Slain by an ogre

Illustrated notes

Levels and vault maps discovered:
D:1:      minmay_arrival_up_and_down, layout_basic
D:2:      layout_basic, shapermc_ecumenical_altar_pompeii, basic_altar
D:3:      kennysheep_the_goblin_king, layout_basic
D:4:      layout_basic

Skill      XL: |  1  2  3  4 |
---------------+-------------+-----
Fighting       | 4 |  4.4
Armour         | 4 |  4.9
Shields        | 4 |  4.2
Long Blades    | 3 4 |  4.9
Dodging        | |  0.8

Action                   |  1- 3 |  4- 6 || total
-------------------------+-------+-------++-------
Melee: Long sword        |   102 |    45 ||   147
       Headbutt          |     9 |     3 ||    12
  Use: Potion            |       |     2 ||     2
       Scroll            |       |     1 ||     1
Armor: Scale mail        |    42 |    17 ||    59
Dodge: Dodged            |    47 |    17 ||    64
Block: Buckler           |    24 |     7 ||    31
